 Dungeon Crawl Stone Soup version 0.30-b1-2-g02819fbbbe (webtiles) character file.

Game seed: 1054795311866676674

6884 Metae the Fighter (level 10, -1/94 HPs)
             Began as a Minotaur Fighter on June 15, 2023.
             Was a Believer of Okawaru.
             Slain by Snorg (7 damage)
             ... on level 9 of the Dungeon.
             The game lasted 00:34:02 (9627 turns).

Metae the Fighter (Minotaur Fighter)                Turns: 9627, Time: 00:34:03

Health: -1/94      AC: 18    Str: 25    XL:     10   Next: 79%
Magic:  10/12      EV: 10    Int:  5    God:    Okawaru [**....]
Gold:   729        SH:  7    Dex: 16    Spells: 9/9 levels left

rFire   . . .        M - +4 morningstar
rCold   . . .        c - +0 buckler
rNeg    . . .        L - +0 plate armour
rPois   +            (helmet restricted)
rElec   .            (no cloak)
rCorr   .            (no gloves)
SInv    .            w - +0 pair of boots
Will    .....        m - amulet of the acrobat Stlth
                     u - ring of poison resistance
HPRegen 0.35/turn    v - +6 ring of dexterity
MPRegen 0.13/turn

%: acrobat
@: heroic
A: horns 2, retaliatory headbutt
a: Renounce Religion, Heroism


You were on level 9 of the Dungeon.
You worshipped Okawaru.
Okawaru was pleased with you.
You visited 2 branches of the dungeon, and saw 11 of its levels.

You collected 762 gold pieces.
You spent 33 gold pieces at shops.

Inventory:

Hand Weapons
 b - a +2 flail of freezing
 A - a +1 flail of protection
 E - a +0 sling
 M - a +4 morningstar (weapon)
Missiles
 f - 69 stones (quivered)
 n - 3 silver boomerangs
 D - 24 poisoned darts
 F - a throwing net
 H - 6 curare-tipped darts
 K - 3 atropa-tipped darts
Armour
 c - a +0 buckler (worn)
 w - a +0 pair of boots (worn)
 L - a +0 plate armour (worn)
Jewellery
 a - a ring of resist corrosion
 m - an amulet of the acrobat (around neck)
 u - a ring of poison resistance (left hand)
 v - a +6 ring of dexterity (right hand)
 I - a ring of ice
Wands
 B - a wand of iceblast (33)
Scrolls
 d - 2 scrolls of butterflies
 e - a scroll of magic mapping {unknown}
 g - 3 scrolls of enchant armour
 i - a scroll of teleportation
 j - 2 scrolls of blinking
 l - 2 scrolls of noise {unknown}
 p - a scroll of amnesia {unknown}
 r - 3 scrolls of poison
 x - a scroll of fear {unknown}
 y - a scroll of immolation {unknown}
 J - a scroll of silence {unknown}
 O - a scroll of fog {unknown}
 P - 2 scrolls of identify
Potions
 h - 4 potions of flight {unknown}
 k - a potion of degeneration {unknown}
 o - 9 potions of curing
 q - a potion of cancellation {unknown}
 s - 2 potions of lignification {unknown}
 t - 4 potions of attraction {unknown}
 C - a potion of mutation {unknown}
 G - 2 potions of magic {unknown}


   Skills:
 + Level 10.4(15.4) Fighting
 + Level 10.0(15.0) Maces & Flails
 + Level 10.4(15.4) Armour
 - Level 6.2(11.2) Shields
 + Level 4.7 Invocations
 + Level 5.2 Evocations


You had 9 spell levels left.
You didn't know any spells.
Your spell library contained the following spells:

 Spells                   Type           Power      Damage    Failure   Level
 Ozocubu's Armour         Ice            0%         N/A       100%        3
 Anguish                  Hex/Necr       0%         N/A       100%        4
 Cause Fear               Hex            0%         N/A       100%        4
 Iskenderun's Battlesphe  Conj           0%         2d6       100%        5
 Conjure Ball Lightning   Conj/Air       0%         3x3d6     100%        6
 Enfeeble                 Hex            0%         N/A       100%        7
 Ozocubu's Refrigeration  Ice            0%         4d7       100%        7
 Fire Storm               Conj/Fire      0%         5d1       100%        9
 Summon Small Mammal      Summ           Unusable   N/A       N/A         1
 Call Canine Familiar     Summ           Unusable   N/A       N/A         3
 Summon Guardian Golem    Hex/Summ       Unusable   N/A       N/A         3

Dungeon Overview and Level Annotations

Branches:
Dungeon (10/15)            Temple (1/1) D:7
   Lair: D:8-11         Orc: D:9-12

Altars:
Dithmenos
Elyvilon
Kikubaaqudgha
Makhleb
Okawaru
Ru
Vehumet
Wu Jian
Xom
Yredelemnul
Zin
The Shining One

Shops:
D:2 =   D:4 (   D:6 !   D:9 ?

Annotations:
D:9 Snorg
D:10 Erolcha


Innate Abilities, Weirdness & Mutations

You have a pair of horns on your head.
You reflexively headbutt those who attack you in melee.


Message History

The stone hits the orc but does no damage.
Snorg bites you! Snorg closely misses you. x2
Something hits you. You block Snorg's attack.
Snorg claws you but does no damage. x2
You climb upwards.
Reactivating autopickup.
There is a stone staircase leading down here.
You puncture Snorg! You headbutt Snorg!
Snorg is moderately wounded.
Snorg bites you. Snorg claws you. Snorg claws you! Something hits you!
Deactivating autopickup; reactivate with Ctrl-A.
Snorg bites you!
* * * LOW HITPOINT WARNING * * *
You block Snorg's attack. Snorg claws you!
* * * LOW HITPOINT WARNING * * *
You gain the combat prowess of a mighty hero.
Snorg bites you!
* * * LOW HITPOINT WARNING * * *
Snorg completely misses you. You block Snorg's attack.
You impale Snorg!! Your headbutt misses Snorg.
Snorg is moderately wounded.
Snorg completely misses you. Snorg claws you.
* * * LOW HITPOINT WARNING * * *
Snorg claws you but does no damage. Something hits you.
* * * LOW HITPOINT WARNING * * *
You feel much better. Snorg bites you but does no damage.
Snorg claws you but does no damage. Snorg closely misses you.
Something hits you.
* * * LOW HITPOINT WARNING * * *
Snorg barely misses you. You furiously retaliate!
You headbutt Snorg. Snorg claws you but does no damage. x2
You barely miss Snorg.
Snorg is moderately wounded.
Snorg completely misses you. x2; Snorg claws you but does no damage.
You bludgeon Snorg!! Your headbutt misses Snorg.
Snorg is heavily wounded.
Snorg bites you!!
* * * LOW HITPOINT WARNING * * *
Snorg closely misses you. Snorg claws you!
You die...

#.....#....#.......#+#.......#...
'.....'.)..#......♣#+#♣......#...
#.....#....#.....###'###.....#...
#....##....#.....'''∩'''..<..#...
#....########....###'###.....#...
#....##....##.....♣#'#♣......#...
......#....#####...#'#......###..
......#....##...#{......#######..
......'.....#...@...##### #....
.....##....##...T...# #....
#....##....##.......# #....
#....##....#........# #....
......#....#........# #....
#.....#....#........# #....
#....##....##.##...## ##...
#....##....##+###### ####
#....##...[....#


You could see Snorg (berserk).

Vanquished Creatures
  A two-headed ogre (D:9)
  Joseph (D:9)
  A troll (D:10)
  A vampire (D:9)
  2 wyverns
  A wraith (D:9)
  3 yaks (D:6)
  A steam dragon (D:9)
  2 vampire mosquitoes (D:10)
  Menkaure (D:6)
  Edmund (D:5)
  3 water moccasins
  Pargi (D:4)
  2 ice beasts
  3 orc warriors
  3 sky beasts
  2 black bears
  2 ogres
  2 phantoms
  3 centaurs
  A kobold brigand (D:6)
  4 bullfrogs
  A gnoll sergeant (D:7)
  3 scorpions
  13 wights
  A howler monkey (D:8)
  3 jellies
  A lava snake (D:8)
  3 orc priests
  3 hounds
  A gnoll bouda (D:9)
  A sleepcap (D:4)
  3 iguanas
  10 orc wizards
  15 gnolls
  8 adders
  A shadow imp (D:4)
  2 white imps
  An ufetubus (D:5)
  23 orcs
  8 ball pythons
  8 bats
  4 endoplasms
  3 giant cockroaches
  5 goblins
  6 hobgoblins
  13 kobolds
  2 quokkas
  7 rats
190 creatures vanquished.

Vanquished Creatures (others)
  An orc (D:4)
  3 fungi (D:8)
  16 plants (D:2)
  3 toadstools (D:8)
23 creatures vanquished.

Grand Total: 213 creatures vanquished

Notes
Turn   | Place    | Note
-------+----------+-------------------------------------------
     0 | D:1      | Metae the Minotaur Fighter began the quest for the Orb.
     0 | D:1      | Reached XP level 1. HP: 19/19 MP: 0/0
   146 | D:1      | Reached XP level 2. HP: 26/27 MP: 1/1
  1207 | D:2      | Reached XP level 3. HP: 24/33 MP: 2/2
  1239 | D:2      | Reached XP level 4. HP: 5/41 MP: 3/3
  1394 | D:2      | Found Loucuergh's Jewellery Shoppe.
  2468 | D:3      | Reached XP level 5. HP: 33/47 MP: 4/4
  2549 | D:4      | Noticed an ogre
  2557 | D:4      | Killed an ogre
  2558 | D:4      | Reached skill level 5 in Fighting
  2558 | D:4      | Reached skill level 5 in Armour
  2558 | D:4      | Reached skill level 5 in Shields
  2640 | D:4      | Noticed Pargi
  2657 | D:4      | Killed Pargi
  2658 | D:4      | Reached XP level 6. HP: 28/56 MP: 5/5
  2986 | D:4      | Found Firot's Antique Weapon Shop.
  3318 | D:4      | Reached skill level 5 in Maces & Flails
  3318 | D:4      | Reached XP level 7. HP: 39/62 MP: 6/6
  3671 | D:5      | Entered Level 5 of the Dungeon
  3852 | D:5      | Noticed Edmund
  3869 | D:5      | Killed Edmund
  4186 | D:5      | Reached skill level 1 in Evocations
  4380 | D:5      | Reached XP level 8. HP: 71/71 MP: 7/7
  5078 | D:6      | Found Riblis's Distillery.
  5143 | D:6      | Bought a potion of curing for 33 gold pieces
  5204 | D:6      | Reached XP level 9. HP: 78/81 MP: 8/8
  5446 | D:6      | Noticed Menkaure
  5453 | D:6      | Killed Menkaure
  6014 | D:7      | Found a staircase to the Ecumenical Temple.
  6026 | Temple   | Entered the Ecumenical Temple
  6073 | Temple   | Became a worshipper of Warmaster Okawaru
  6259 | D:7      | Reached skill level 1 in Invocations
  6452 | D:7      | Found a basalt altar of Yredelemnul.
  7087 | D:7      | Reached * piety under Okawaru
  7550 | D:8      | Reached XP level 10. HP: 53/81 MP: 11/11
  7779 | D:8      | Found a faded altar of an unknown god.
  7779 | D:8      | Found an ancient bone altar of Kikubaaqudgha.
  7791 | D:8      | Found a burning altar of Makhleb.
  7794 | D:8      | Found a glowing silver altar of Zin.
  7797 | D:8      | Found a sacrificial altar of Ru.
  8554 | D:9      | Noticed Joseph
  8564 | D:9      | Killed Joseph
  8625 | D:9      | Noticed a two-headed ogre
  8638 | D:9      | Killed a two-headed ogre
  8638 | D:9      | Reached ** piety under Okawaru
  8639 | D:9      | Reached skill level 10 in Fighting
  8639 | D:9      | Reached skill level 10 in Armour
  8952 | D:9      | Reached skill level 5 in Evocations
  9123 | D:9      | Found Sisoll's Magic Scroll Shop.
  9296 | D:9      | Got the Compilation of the Salvo
  9496 | D:10     | Entered Level 10 of the Dungeon
  9519 | D:10     | Reached skill level 10 in Maces & Flails
  9611 | D:10     | Noticed Erolcha
  9611 | D:10     | Noticed Snorg
  9624 | D:9      | HP: 2/94 [something (3)]
  9627 | D:9      | Slain by Snorg

Illustrated notes

Levels and vault maps discovered:
D:1:      beargit_arrival_greenhouse, layout_basic
D:2:      layout_basic, serial_shops, shop, nicolae_grassy_gnolls
D:3:      layout_basic
D:4:      layout_gridville, serial_shops, shop, uniq_pargi
D:5:      layout_rooms, kennysheep_generic_room_10, uniq_edmund
D:6:      layout_loops_ring, serial_shops, shop, chequers_serial_rivers_micro_e,
          uniq_menkaure
D:7:      layout_loops_cross, yredelemnul_altar_generic,
          minmay_temple_entry_statues, minmay_misc_feat_alley, minmay_bent
D:8:      layout_loops_ring, chequers_temple_overflow_minitemple,
          kennysheep_decorative_pillar, nicolae_lava_and_water,
          minmay_gold_behind_fungi
D:9:      layout_gridville, serial_shops, nicolae_shop_real_fake_doors,
          uniq_joseph
D:10:     layout_basic, erik_lair_island, david_defended_altar_orc, uniq_snorg,
          uniq_lodul, uniq_erolcha
Temple:   bh_familiar_temple

Skill      XL: |  1  2  3  4  5  6  7  8  9 10 |
---------------+-------------------------------+-----
Fighting       | 4 5 6 8 9 10 | 10.4
Armour         | 4 5 6 8 9 10 | 10.4
Shields        | 4 5 6 |  6.2
Maces & Flails | 3 4 5 6 7 8 10 | 10.0
Evocations     | 1 3 4 5 |  5.2
Invocations    | 2 4 |  4.7

Action                     |  1- 3 |  4- 6 |  7- 9 | 10-12 || total
---------------------------+-------+-------+-------+-------++-------
  Melee: Flail             |    38 |       |   139 |       ||   177
         Headbutt          |    11 |    15 |    78 |    25 ||   129
         Mace              |    20 |   104 |    39 |       ||   163
         Morningstar       |       |       |    87 |    99 ||   186
  Throw: Stone             |       |       |     1 |     3 ||     4
 Invoke: Heroism           |       |       |       |     2 ||     2
  Evoke: Wand              |       |       |       |     2 ||     2
    Use: Potion            |     2 |       |       |     1 ||     3
         Scroll            |       |       |     4 |     2 ||     6
 Armour: Scale mail        |    29 |    56 |   108 |       ||   193
         Plate armour      |       |       |     8 |    65 ||    73
  Dodge: Dodged            |    40 |    76 |   152 |    49 ||   317
  Block: Buckler           |    13 |    27 |    82 |    25 ||   147
